Cogmind - Beta 16.1 @@@ ROGUE MODE // 2026.02.15 @ 22:53:22 Player: the Result: Destroyed by LG-3F4(R) with Subdweller Shrapnel Launcher Performance ------------- Evolutions (0) 0 Regions Visited (2) 400 Robots Destroyed (45) 225 Value Destroyed (594) 594 Prototype IDs (4) 80 Alien Tech Used (0) 0 Bonus (0) 0 TOTAL SCORE: 1299 Bonus ------- None Cogmind --------- Core Integrity 0/250 Matter 268/300 Energy 86/100 System Corruption 0% Temperature Cool (0) Movement Core (500) Ox9 Location -10/Subcaves Parts ------- > --- POWER (1) -------- (None) > --- PROPULSION (2) --- (None) > --- UTILITY (2) ------ Large Storage Unit Seismic Detector > --- WEAPON (2) ------- Subdweller Machine Gun Subdweller Machine Gun > --- INVENTORY (15) --- Subdweller Power Source Disposable Heat Sink Improved Terrain Scanner Dirty Datajack (6) Peak State ------------ > --- POWER ------------ Ion Engine > --- PROPULSION ------- Light Treads Light Treads > --- UTILITY ---------- Large Storage Unit Subdweller Optics > --- WEAPON ----------- Battle Rifle Dirty Datajack > --- INVENTORY -------- Subdweller Power Source Light Treads Light Treads Disposable Heat Sink Improved Terrain Scanner Subdweller Machine Gun Subdweller Machine Gun Subdweller Machine Gun [Rating: 15] Favorites ----------- Power Ion Engine Engine Ion Engine Propulsion Light Treads Treads Light Treads Utility Seismic Detector Device Seismic Detector Storage Large Storage Unit Protection Scrap Shield Weapon Light Cannon Ballistic Gun Assault Rifle Ballistic Cannon Light Cannon Special Melee Weapon Dirty Datajack Build | -11 -10 -10 ------- Run | Yrd Mat Sub Slots Evolved . | . . . Power . | . . . Propulsion . | . . . Utility . | . . . Weapon . | . . . Parts Attached 22 | 8 4 10 Power 1 | 1 . . Engine 1 | 1 . . Core . | . . . Reactor . | . . . Propulsion 4 | 2 . 2 Treads 4 | 2 . 2 Leg . | . . . Wheel . | . . . Hover . | . . . Flight . | . . . Utility 8 | 3 2 3 Device 4 | 2 . 2 Storage 3 | 1 2 . Processor . | . . . Hackware . | . . . Protection 1 | . . 1 Artifact . | . . . Weapon 9 | 2 2 5 Energy Gun . | . . . Energy Cannon . | . . . Ballistic Gun 6 | 2 . 4 Ballistic Cannon 2 | . 2 . Launcher . | . . . Special Weapon . | . . . Impact Weapon . | . . . Slashing Weapon . | . . . Piercing Weapon . | . . . Special Melee Weapon 1 | . . 1 Unidentified Prototypes . | . . . Parts Lost 8 | . . 8 Power 1 | . . 1 Propulsion 4 | . . 4 Utility 1 | . . 1 Weapon 2 | . . 2 Highest Loss Streak 5 | . . 5 To Critical Strikes . | . . . Average Backups 7 | 2 7 7 Power . | . 1 . Propulsion 1 | . . 1 Utility 2 | . 2 2 Weapon 2 | 1 3 1 Tool/Special . | . . . Unused Backups 12 | . 2 10 Power 2 | . . 2 Propulsion . | . . . Utility 4 | . . 4 Weapon 5 | . 2 3 Tool/Special 1 | . . 1 Average Slot Usage (%) 96 | . 100 90 Engine 13 | . 14 13 Treads 27 | . 28 27 Device 11 | . 14 5 Storage 12 | . 14 8 Protection 1 | . . 5 Ballistic Gun 16 | . 13 20 Ballistic Cannon 11 | . 14 6 Peak Build Rating 15 | 7 8 15 Average Rating 8 | 6 7 10 On Entrance 5 | . 7 8 Avg Prop Armor Cover (%) . | . . . Naked Turns . | . . . Heaviest Build 33 | 14 32 33 Greatest Support 40 | 40 40 40 Greatest Overweight (x) 1 | . . 1 Average Overweight (x) . | . . . Largest Inventory Capacity 15 | 8 15 15 Average Capacity 10 | 7 11 11 Most Carried 15 | 5 13 15 Average Carried 7 | 3 8 7 Final Capacity 15 | 8 15 15 Final Carried 13 | 5 13 4 Class Distribution -------------------- 100% | Mutant Dominant Class ---------------- Mutant | -10/Materials Mutant | -10/Subcaves Resources | -11 -10 -10 ----------- Run | Yrd Mat Sub Matter Collected 1327 | 373 705 249 Remotely 10 | . . 10 Salvage Created 1208 | 224 763 221 Parts 87 | 23 48 16 Haulers Intercepted 2 | . 2 . Recyclers Shooed 1 | . 1 . Parts Field Recycled . | . . . Retrieved Matter . | . . . Parts Self-Destructed 16 | . . 16 Prevented . | . . . Parts Restored . | . . . Kills | -11 -10 -10 ------- Run | Yrd Mat Sub Combat Hostiles Destroyed 16 | . 8 8 Guns 9 | . 2 7 Cannons 6 | . 6 . AOE 1 | . . 1 Classes Destroyed 10 | 3 6 1 Worker 8 | 2 6 . Builder 3 | . 3 . Tunneler 7 | 6 1 . Hauler 2 | . 2 . Recycler 6 | 1 5 . Mechanic 1 | . 1 . Watcher 2 | . 2 . Swarmer 7 | . 3 4 Grunt 7 | . 5 2 Subdweller 2 | . . 2 Best Kill Streak 8 | 4 8 3 Combat Bots Only 5 | . 5 3 Max Kills in Single Turn 2 | 1 2 2 Gunslinging . | . . . Exploded 1 | . . 1 Melee . | . . . Uniques/NPCs Destroyed . | . . . Combat | -11 -10 -10 -------- Run | Yrd Mat Sub Hostile Shots Fired 116 | . 34 82 Missed 29 | . 9 20 Hits 87 | . 25 62 Projectile 87 | . 25 62 AOE 7 | . . 7 Critical Strikes 2 | . . 2 Damage Taken 1456 | . 298 1158 Core 285 | . 13 272 Absorbed by Shields . | . . . Core Remaining (%) 100 | 100 . . Volleys Fired 114 | 26 61 27 Largest 2 | 2 2 2 Hottest 60 | 40 60 60 Shots Fired 226 | 52 122 52 Gun 121 | 52 17 52 Cannon 105 | . 105 . Launcher . | . . . Special . | . . . Kinetic 226 | 52 122 52 Thermal . | . . . Explosive . | . . . Electromagnetic . | . . . Robot Hit Streak 13 | 6 6 13 Robot Miss Streak 5 | 5 4 3 Penetration Max . | . . . Secondary Targets 1 | . . 1 Max Gunslinging Chain 1 | . . 1 Shots Hit Robots 140 | 28 64 48 Core Hits 61 | 13 31 17 Critical Kills . | . . . Critical Parts Destroyed . | . . . Critical Strikes 2 | . 1 1 Destroy 1 | . . 1 Blast 1 | . 1 . Melee Attacks 14 | . . 14 Impact . | . . . Slashing . | . . . Piercing 14 | . . 14 Sneak Attacks 1 | . . 1 Combat Hostiles . | . . . Follow-up Attacks . | . . . Damage Inflicted 2162 | 314 1230 618 Guns 1029 | 314 125 590 Cannons 1072 | . 1072 . Explosions . | . . . Melee 28 | . . 28 Ramming 33 | . 33 . Kinetic 2101 | 314 1197 590 Thermal . | . . . Explosive . | . . . Electromagnetic . | . . . Impact . | . . . Slashing . | . . . Piercing 28 | . . 28 Highest Corruption . | . . . Average Corruption . | . . . Corruption Purged . | . . . Corruption Blocked . | . . . Overload Shots . | . . . Overflow Damage 13 | . 13 . Projectiles 4 | . 4 . Explosions . | . . . Melee 9 | . 9 . Knockbacks 10 | . 10 . Impact . | . . . Kinetic 9 | . 9 . Secondary 1 | . 1 . Self-Inflicted Damage . | . . . Shots . | . . . Rammed 3 | . 3 . Targets Rammed 5 | . 5 . Kicked . | . . . Crushed 2 | . 2 . Highest Temperature 63 | . 63 . Average Temperature 34 | . 34 . Received Heat Transfer 303 | . 135 168 Siege Activations . | . . . Martial Activations . | . . . Shielding Activations . | . . . Robots Disrupted . | . . . Combat Hostiles . | . . . Robots Corrupted 1 | . 1 . Combat Hostiles . | . . . Parts Fried . | . . . Impact Corruptions 1 | . 1 . Robots Melted . | . . . Combat Hostiles . | . . . Parts Melted . | . . . Heat Transferred . | . . . Parts Sabotaged . | . . . Parts Stolen . | . . . Parts Stripped . | . . . Power Chain Reactions . | . . . Alert | -11 -10 -10 ------- Run | Yrd Mat Sub Maximum Alert Level . | . . . Low Security (%) 100 | 100 100 . Level 1 . | . . . Level 2 . | . . . Level 3 . | . . . Level 4 . | . . . Level 5 . | . . . High Security . | . . . Max Security . | . . . Peak Influence 131 | 10 131 . Initial . | . . . Average 28 | 1 31 . Influence Increases 641 | 45 406 190 Destroy 0b10 Robot/C 280 | . 160 120 Destroy 0b10 Robot/NC 145 | 45 100 . Destroy Leader 58 | . 48 10 Successful Hack 22 | . 22 . Select Force Hacks 60 | . 60 . Disable Machine 15 | . 15 . Destroy Structure 1 | . 1 . Lose Combat Pursuer 60 | . . 60 Influence Decreases 641 | 45 278 318 Entered New Map 62 | . . 62 Time Decay 402 | 45 169 188 Lost Part 68 | . . 68 Purge Threat 109 | . 109 . Squads Dispatched 2 | . 2 . Investigation 2 | . 2 . Extermination . | . . . Reinforcement . | . . . Assault . | . . . Garrison . | . . . Intercept . | . . . Searches Triggered . | . . . Construction Impeded . | . . . Haulers Reinforced . | . . . Active Scanning Responses . | . . . Cargo Convoy Interrupts . | . . . Stealth | -11 -10 -10 --------- Run | Yrd Mat Sub Distress Signals 3 | . 3 . Communications Jammed . | . . . Distress Signals . | . . . Times Spotted 45 | . 21 24 Peak Tracking Total 7 | . 7 6 Tactical Retreats 1 | . . 1 Traps | -11 -10 -10 ------- Run | Yrd Mat Sub Traps Triggered 1 | . . 1 Indirectly . | . . . Trap Hack Attempts . | . . . Triggered . | . . . Disarmed . | . . . Reprogrammed . | . . . Reused . | . . . Traps Extracted . | . . . Installed . | . . . Triggered . | . . . Machines | -11 -10 -10 ---------- Run | Yrd Mat Sub Machines Disabled 1 | . 1 . Max in Single Turn 1 | . 1 . Machines Repaired . | . . . Machines Dismantled . | . . . Machines Sabotaged . | . . . Overloaded Fab Kills . | . . . Hacking | -11 -10 -10 --------- Run | Yrd Mat Sub Machines Accessed 11 | . 10 1 Terminals 7 | . 7 . Fabricators . | . . . Repair Stations 1 | . 1 . Recycling Units 2 | . 2 . Scanalyzers . | . . . Garrison Access . | . . . Total Hacks 33 | . 29 4 Successful 18 | . 14 4 Failed 15 | . 15 . Catastrophic 1 | . 1 . Database Lockouts . | . . . Manual 19 | . 19 . Terminals 22 | . 22 . Fabricators . | . . . Repair Stations 2 | . 2 . Recycling Units 5 | . 5 . Scanalyzers . | . . . Garrison Access . | . . . Terminal Hacks 12 | . 8 4 Record 4 | . . 4 Part Schematic 2 | . 2 . Robot Schematic 1 | . 1 . Robot Analysis 1 | . 1 . Prototype ID Bank 2 | . 2 . Unreport Threat 1 | . 1 . Hauler Manifests 1 | . 1 . Fabricator Hacks . | . . . Repair Station Hacks 1 | . 1 . Scan Component 1 | . 1 . Recycling Unit Hacks 1 | . 1 . Retrieve Components 1 | . 1 . Scanalyzer . | . . . Garrison Access Hacks . | . . . Unauthorized Hacks 4 | . 4 . Terminals 2 | . 2 . Botnet 1 | . 1 . Operators 1 | . 1 . Fabricators . | . . . Repair Stations . | . . . Recycling Units 2 | . 2 . Tunnel 2 | . 2 . Scanalyzers . | . . . Garrison Access . | . . . Data Cores Recovered . | . . . Used . | . . . Hacking Detections 8 | . 8 . Full Trace Events . | . . . Feedback Events . | . . . Feedback Blocked . | . . . Robot Schematics Acquired 1 | . 1 . Robots Built . | . . . Authchips . | . . . Time . | . . . Total Robot Build Rating . | . . . Part Schematics Acquired 2 | . 2 . Parts Built . | . . . Authchips . | . . . Time . | . . . Total Part Build Rating . | . . . Part Studies Acquired . | . . . Parts Repaired . | . . . Time . | . . . Parts Recycled . | . . . Recycled Matter . | . . . Retrieved Matter . | . . . Retrieved Components 4 | . 4 . Parts Scanalyzed . | . . . Part Schematics Acquired . | . . . Parts Damaged . | . . . Bothacking | -11 -10 -10 ------------ Run | Yrd Mat Sub Used RIF Installer . | . . . Robots Hacked . | . . . Non-combat . | . . . Combat . | . . . Robot Hacks Applied . | . . . Relay Couplers Released . | . . . Fabnet Peak Effective % . | . . . Robots Rewired . | . . . Allies Hacked . | . . . Hacks Repelled . | . . . Allies | -11 -10 -10 -------- Run | Yrd Mat Sub Total Allies 2 | . . 2 Largest Group 1 | . . 1 Highest-Rated Group 8 | . . 8 Highest-Rated Ally 8 | . . 8 Total Orders . | . . . Ally Attacks . | . . . Total Damage . | . . . Kills . | . . . Allies Corrupted . | . . . Allies Melted . | . . . Intel | -11 -10 -10 ------- Run | Yrd Mat Sub Active Infowar (turns) 3910 | 114 3138 658 Optics 222 | . . 222 Seismic 3688 | 114 3138 436 Robot Analysis Total 1 | . 1 . Derelict Logs Recovered 3 | . . 3 Drone Launches . | . . . Drone Recoveries . | . . . Exploration | -11 -10 -10 ------------- Run | Yrd Mat Sub Turns Passed 5064 | 243 3138 1683 Spaces Moved 1784 | 97 1008 679 Core 2 | 2 . . Treads 1782 | 95 1008 679 Legs . | . . . Wheels . | . . . Hover . | . . . Flight . | . . . Fastest Speed 50 | 50 160 160 Average Speed 159 | 157 160 160 Slowest Speed 240 | 160 160 240 Overloaded Moves . | . . . Propulsion Burnouts . | . . . Robots Hopped . | . . . Potential Cave-ins . | . . . Cave-ins Triggered . | . . . Exploration Rate (%) 46 | 5 96 39 Regions Visited 2 Branch Regions 1 Pre-discovered Areas 4 | . 2 2 Known Exits Taken . | . . . Unknown Exits Taken 2 | 1 1 . Scrap Searched . | . . . Spaces Dug . | . . . Terrain Destroyed . | . . . Melee . | . . . Projectile . | . . . AOE . | . . . Terrain Rammed . | . . . Walls Destroyed . | . . . Machines Disabled . | . . . Actions | -11 -10 -10 --------- Run | Yrd Mat Sub Total 3784 | 136 2412 1236 Wait 1794 | 1 1320 473 Move 1782 | 96 1007 679 Hop . | . . . Pick Up 22 | 5 10 7 Fast Attach 14 | 7 1 6 Attach 6 | . . 6 Detach . | . . . Swap 10 | 1 3 6 Drop 22 | . 5 17 Fire 114 | 26 61 27 Melee 14 | . . 14 Ram . | . . . Kick . | . . . Crush 5 | . 5 . Escape Stasis . | . . . Rewire . | . . . Trap . | . . . Miscellaneous 1 | . . 1 Route ------- -11/Scrapyard -10/Materials (discovered 5 exits: [*Mat x3] / [*Min] / *Sub) -10/Subcaves (discovered 4 exits: [*Mat x2] / *Rec / [*Scr]) History --------- Turn | Location | Event 29 | -11/Scrapyard | Discovered new exit (range 13) 244 | -11/Scrapyard | Entered Materials 245 | -10/Materials | Met a group of wandering Federalists 317 | -10/Materials | Build established: Mutant 1033 | -10/Materials | Discovered new exit (range 10) 1653 | -10/Materials | Discovered new exit (range 10) 1726 | -10/Materials | Discovered new exit (range 15) 1900 | -10/Materials | Discovered new exit (range 16) 2322 | -10/Materials | Discovered new exit (range 7) 3382 | -10/Materials | Entered Subcaves 3383 | -10/Subcaves | Continued accompanying wandering Federalists (5) 3394 | -10/Subcaves | Learned location of Zion (-6) 3466 | -10/Subcaves | Discovered new exit (range 6) 3607 | -10/Subcaves | Wandering Federalist uncovered a shortcut to Scraptown 3656 | -10/Subcaves | Visited Clippyterm 3660 | -10/Subcaves | Learned Factory emergency access door positions 3678 | -10/Subcaves | Identified exit to Recycling 4568 | -10/Subcaves | Discovered new exit (range 9) 4601 | -10/Subcaves | Core integrity fell below 50% 5049 | -10/Subcaves | Ambushed by Subdwellers from Twisted Machinery 5062 | -10/Subcaves | Core integrity fell below 20% 5065 | -10/Subcaves | Destroyed by LG-3F4(R) with Subdweller Shrapnel Launcher Last Messages --------------- 04676_ Dropped Broken Sub. Optics. 04681_ G-34 Mercenary destroyed. 04685_ Aluminum Leg fries itself beyond repair. 04688_ Broken Ion Engine fries itself beyond repair. 04692_ Acquired 37 matter. 04693_ Heat Sink fries itself beyond repair. 04988_ Acquired Tractor Beam. 04990_ Acquired 10 matter. 04991_ Dropped Tractor Beam. 04992_ Acquired Seismic Detector. 05049_ LG-3F4(R) emerges from the Twisted Machinery. 05050_ Ion Engine destroyed. 05054_ Lgt. Treads destroyed. 05054_ Battle Rifle destroyed. 05056_ Lgt. Treads destroyed. 05056_ Sub. Machine Gun destroyed. 05062_ LG-3F4(R) suffers critical hit (Destroy). Map ----- +----------------------------------------------------+ | | | | | | | | | | | | | ?????????????????????????????????????????????????? | | ?????????????????????????????????????????????????? | | ?????????????????????????????????????????????????? | | ?????????????????????????????????????????????????? | | ?????????????????????????????????????????????????? | | ?????????????????????????????????????????????????? | | ?????????????????????????????????????????????????? | | ?????????????????????????????????????????????????? | | ?????????????????????????????????????????????????? | | ???????????????????????????????????????????????### | | ???????????????????????????????????????????????#"" | | ???????????????????????????????????????????????#"" | | ???????????????????????????????????????????????#" | | ????????????????????????#####??????????????????### | | ????????????????????##### # ####??????###???????## | | ????????????????????# ; ##?????# ###????## | | ??????????????###???# ###??## ###### | | ?????????????## ;# #### ## # | | ?????????????# | | ????????????# @ | | ????????????# ## | | ????????????# ###### ## | | ????????????## #????## ### | | ?????????????#### ????###?## | | ????????????????### ; #???????? | | ??????????????????# ## ## ??????? | | ??????????????????# ## ##?# #????? | | ?????????????????? ###???# #????? | | ?????????????????# #?????? ???? | | ????????????????? #?????? ???? | | ???????????????? ### ??????? ???? | | ???????????????? R ??# ?????? ????? | | ??????????????????"R #?### ???????? ??????? | | ????????????????????? [ ##???? ???????????????? | | ??????????????????????? #??????????????????????? | | ?????????????????????????????????????????????????? | | ?????????????????????????????????????????????????? | | ?????????????????????????????????????????????????? | | ?????????????????????????????????????????????????? | | ?????????????????????????????????????????????????? | | ?????????????????????????????????????????????????? | | ?????????????????????????????????????????????????? | | ?????????????????????????????????????????????????? | | ?????????????????????????????????????????????????? | +----------------------------------------------------+ Best States ------------- Heat Dissipation 25 Energy Generation 10 Energy Capacity 250 Matter Stores 300 Matter Capacity 300 Sight Range 21 Terrain Scan Density 10 Armor Coverage 800 Evasion (%) 40 Recoil Reduction 2 Item Schematics ----------------- Hcp. Storage Unit | -10/Materials | Hacked Transport Network Coupler | -10/Materials | Hacked Robot Schematics ------------------ S-10 Pest | -10/Materials | Hacked Fabricated ------------ Nothing Repaired ---------- Nothing Studied --------- None Alien Tech Used ----------------- None Achievements -------------- None Challenges ------------ None Game ------ Seed MetafiberIonicParser Manual? 0 Play Time 00:19:44 Cumulative 583.8 hours Start 2026.02.15 @ 22:30:51 End 2026.02.15 @ 22:53:22 Sessions 1 Manual Loads 0 Difficulty Rogue Special Mode None Game No. 328 Rogue 328 Adventurer 0 Explorer 0 Win Type - Total 21 Types 12/0/6/0/0/0/1/2/0/0 Lore% 89 Gallery% 82 Achievement% 70 Wizard Run 0 Options --------- Layout 1 ASCII 0 Keyboard 0 Movement Numpad Keybinds 0 Fullscreen 2 Font 24/Smallcaps Map View 50x40 Zoom Use 0% Tactical HUD 1 Map Filters NONE Filters NONE Steam 1 RUN: 35ec50b1-d016-4f3d-a7c9-4c136006d68c